 Dungeon Crawl Stone Soup version 0.23-a0-641-g0a7f1ce553 (webtiles) character file.

436 HereIgoKillingAgain the Charmwright (level 6, 0/52 HPs)
             Began as a Deep Dwarf Skald on Dec 30, 2018.
             Slain by a river rat (7 damage)
             ... summoned by Eustachio
             ... on level 4 of the Dungeon.
             The game lasted 00:04:29 (2421 turns).

HereIgoKillingAgain the Charmwright (DDSk)          Turns: 2421, Time: 00:04:29

Health: 0/52       AC:  3    Str: 16      XL:     6   Next: 69%
Magic:  4/4        EV: 11    Int: 14      God:
Gold:   271        SH:  0    Dex:  5 (12) Spells: 0/8 levels left

rFire    + . .     SeeInvis .   p - +0 war axe
rCold    + . .     Gourm    .   (no shield)
rNeg     . . .     Faith    .   b - +0 leather armour
rPois    .         Spirit   .   (no helmet)
rElec    .         Reflect  .   g - scarf {rC+ rF+}
rCorr    .         Harm     .   (no gloves)
MR       .....                  (no boots)
Stlth    +.........             (no amulet)
HPRegen  0.00/turn              (no ring)
MPRegen  0.09/turn              (no ring)

@: non-regenerating
A: damage resistance, heal wounds, sense surroundings 1, no regeneration
a: Heal Wounds


You were on level 4 of the Dungeon.
You were not hungry.

You visited 1 branch of the dungeon, and saw 4 of its levels.

You collected 271 gold pieces.

Inventory:

Hand Weapons
 a - a +0 hand axe
 p - a +0 war axe (weapon)
Armour
 b - a +0 leather armour (worn)
 g - a scarf of resistance (worn)
Jewellery
 m - an uncursed ring of fire {unknown}
Scrolls
 c - 2 scrolls of magic mapping {unknown}
 e - 4 scrolls of remove curse {unknown}
 f - a scroll of enchant weapon {unknown}
 h - 4 scrolls of identify {unknown}
 i - a scroll of fear {unknown}
 j - 4 scrolls of teleportation {unknown}
 k - a scroll of enchant armour {unknown}
 n - 2 scrolls of amnesia {unknown}
 o - a scroll of fog {unknown}
Potions
 l - a potion of curing
Comestibles
 d - 8 rations


   Skills:
 - Level 1.7 Fighting
 + Level 4.8 Axes
 - Level 1.1 Armour
 - Level 2.1 Dodging
 - Level 1.7 Spellcasting
 * Level 5.9 Charms


You couldn't memorise any spells.
You knew the following spells:

 Your Spells              Type           Power        Failure   Level  Hunger
a - Song of Slaying       Chrm           ###.....     4%          2    ###....
b - Spectral Weapon       Hex/Chrm       #.......     26%         3    ####...
c - Shroud of Golubria    Chrm/Tloc      #.........   13%         2    ###....
h - Infusion              Chrm           ###.         2%          1    ##.....

Your spell library contained the following spells:

 Spells                   Type           Power        Failure   Level  Hunger
 Confusing Touch          Hex            #.....       30%         1    ##.....
 Corona                   Hex            #......      30%         1    ##.....
 Ensorcelled Hibernation  Hex/Ice        #.....       41%         2    ###....
 Confuse                  Hex            #.......     65%         3    ####...
 Dazzling Spray           Conj/Hex       #.....       65%         3    ####...
 Gell's Gravitas          Tloc           #.........   65%         3    ####...
 Tukima's Dance           Hex            #.......     65%         3    ####...
 Petrify                  Tmut/Erth      #.......     96%         4    #####..
 Metabolic Englaciation   Hex/Ice        #.........   100%        5    ######.
 Yara's Violent Unravell  Hex/Tmut       #.........   100%        5    ######.
 Regeneration             Chrm/Necr      Unusable     N/A         3    N/A

Dungeon Overview and Level Annotations

Branches:
Dungeon (4/15)             Temple (0/1) D:4

Altars:
Dithmenos
Hepliaklqana
Nemelex Xobeh
Trog
Vehumet
Wu Jian

Annotations:
D:4 Eustachio


Innate Abilities, Weirdness & Mutations

You are resistant to damage.
You can heal yourself by infusing magical energy.
You passively map a small area around you.
You do not regenerate.


Message History

You kill the bat!
The bat's corpse disappears in a puff of smoke!
Eustachio hits you with a +0 rapier.
* * * LOW HITPOINT WARNING * * *
You closely miss Eustachio.
Eustachio is lightly wounded.
You closely miss the river rat. The river rat completely misses you.
Eustachio hits you with a +0 rapier. The river rat barely misses you.
You miss Eustachio.
Eustachio is lightly wounded.
You barely miss the river rat. Eustachio barely misses you.
The river rat barely misses you.
You hit Eustachio.
Eustachio is lightly wounded.
You barely miss the river rat. Eustachio barely misses you.
The river rat bites you.
You closely miss Eustachio.
Eustachio is lightly wounded.
You hit the river rat. Eustachio barely misses you. The river rat bites you!
You die...

###.####...###.#
#### #.# ##.##
#.# ##.## #.#
#.# ###...####.#
#.# #.....(...(#
#.# #.#...######
#.# #,##.## #.#
#>##########.#
######
*#....@@r...<.#
......
############## *
##### * * **
#.... * ,, ,,
#.### * * * #.##
* *** ##§.# , ,
,#§§.# #._.#
#...#


You could see Eustachio and a river rat.

Vanquished Creatures
  Sigmund (D:2)
  A phantom (D:4)
  A howler monkey (D:3)
  A hound (D:4)
  A worker ant (D:4)
  4 adders
  An ooze (D:1)
  A worm (D:3)
  A dart slug (D:1)
  2 leopard geckos
  An orc (D:4)
  3 giant cockroaches
  8 goblins
  7 hobgoblins
  A quokka (D:3)
  9 bats
  7 frilled lizards
  6 kobolds
  7 rats
63 creatures vanquished.

Notes
Turn   | Place    | Note
-------+----------+-------------------------------------------
     0 | D:1      | HereIgoKillingAgain the Deep Dwarf Skald began the quest
                  | for the Orb.
     0 | D:1      | Reached XP level 1. HP: 19/19 MP: 3/3
   125 | D:1      | Reached skill level 3 in Charms
   127 | D:1      | Reached XP level 2. HP: 17/26 MP: 0/4
   500 | D:1      | Reached XP level 3. HP: 19/32 MP: 4/4
   570 | D:1      | Learned a level 2 spell: Song of Slaying
   573 | D:1      | Learned a level 2 spell: Shroud of Golubria
   798 | D:2      | Noticed Sigmund
   821 | D:2      | Killed Sigmund
   821 | D:2      | Reached skill level 4 in Charms
   821 | D:2      | Reached XP level 4. HP: 32/39 MP: 5/5
   821 | D:2      | Reached XP level 5. HP: 37/45 MP: 6/6
   923 | D:2      | Found a faded altar of an unknown god.
  1093 | D:2      | Reached skill level 5 in Charms
  1280 | D:2      | Found a sparkling altar of Nemelex Xobeh.
  1280 | D:2      | Found a radiant altar of Vehumet.
  1289 | D:2      | Found a hazy altar of Hepliaklqana.
  1291 | D:2      | Found an ornate altar of the Wu Jian Council.
  1293 | D:2      | Found a bloodstained altar of Trog.
  1502 | D:3      | Reached XP level 6. HP: 30/52 MP: 6/6
  1557 | D:3      | Learned a level 3 spell: Spectral Weapon
  2047 | D:4      | Found a shadowy altar of Dithmenos.
  2239 | D:4      | Noticed Eustachio
  2421 | D:4      | Slain by a river rat

Vault maps used:
D:1:      psy_arrival_whirlpool, nrook_uturn, minmay_hedge_maze, minmay_vboxes
D:2:      chequers_temple_overflow_minitemple, chequers_ecumenical_altar_island,
          uniq_sigmund
D:4:      nicolae_overflow_crystal_walls, grunt_dithmenos_smoke, temple_green,
          uniq_eustachio

Skill      XL: |  1  2  3  4  5 |
---------------+----------------+-----
Charms         | 3 4 5 |  5.9
Axes           | 4 |  4.8
Fighting       | |  1.7
Armour         | |  1.1
Dodging        | |  2.1
Spellcasting   | |  1.7

Action                   |  1- 3 |  4- 6 || total
-------------------------+-------+-------++-------
Melee: Hand axe          |    99 |   211 ||   310
       War axe           |       |    22 ||    22
 Cast: Infusion          |     3 |       ||     3
       Shroud of Golubri |     1 |     2 ||     3
       Song of Slaying   |       |     3 ||     3
 Abil: Heal Wounds       |     1 |     7 ||     8
  Use: Potion            |     5 |     1 ||     6
 Stab: Invisible         |     2 |       ||     2
  Eat: Ration            |       |     2 ||     2
       Chunk             |       |     1 ||     1
Armor: Leather armour    |    33 |    79 ||   112
Dodge: Dodged            |    80 |   193 ||   273

Table legend:
 A = Non-vault XP
 B = Vault XP
 C = Vault XP percentage of total XP
 D = Non-vault monster count
 E = Vault monster count
 F = Vault count percentage of total count
                 A         B        C        D         E       F
            +---------+---------+-------+---------+---------+-------
      Total |     395 |     229 |  36.7 |      57 |       6 |   9.5
            +---------+---------+-------+---------+---------+-------
        D:1 |      35 |       9 |  20.5 |      17 |       5 |  22.7
        D:2 |      47 |     220 |  82.4 |      17 |       1 |   5.6
        D:3 |      93 |       0 |   0.0 |      17 |       0 |   0.0
        D:4 |     220 |       0 |   0.0 |       6 |       0 |   0.0
            +---------+---------+-------+---------+---------+-------
